 Dungeon Crawl Stone Soup version 0.17-a0-737-gf0a300a (webtiles) character file.

11 Ololoev the Chucker (level 2, 0/29 HPs)
             Began as an Ogre Hunter on May 7, 2015.
             Slain by an adder (2 damage)
             ... on level 2 of the Dungeon.
             The game lasted 00:02:28 (921 turns).

Ololoev the Chucker (Ogre Hunter)                    Turns: 921, Time: 00:02:28

Health: 0/29       AC:  3    Str: 16    XL:     2   Next: 29%
Magic:  2/2        EV: 10    Int: 10    God:
Gold:   29         SH:  0    Dex: 10    Spells: 0 memorised, 1 level left

rFire  . . .     SeeInvis .     l - +0 whip
rCold  . . .     Clarity  .     d - +0 robe
rNeg   . . .     SustAb   .     (no shield)
rPois  +         Gourm    +     (helmet restricted)
rElec  .         Spirit   .     (no cloak)
rCorr  .         Warding  .     (gloves unavailable)
rMut   .         Stasis   .     (boots unavailable)
MR     .....                    m - amulet of the gourmand
Stlth  +.........               (no ring)
                                k - ring of poison resistance

@: lethally poisoned (0 -> -5), not resistant to hostile enchantments, very
unstealthy
A: unfitting armour, tough skin 1
a: no special abilities


Innate Abilities, Weirdness & Mutations

You are too large for most types of armour.
You have tough skin (AC +1).

Inventory:

Hand weapons
 l - a +0 whip (weapon)
Armour
 d - a +0 robe (worn)
Jewellery
 k - a ring of poison resistance (left hand)
 m - an amulet of the gourmand (around neck)
Scrolls
 f - a scroll of recharging {unknown}
 g - 2 scrolls of enchant weapon {unknown}
 h - a scroll of identify {unknown}
 j - a scroll of fog {unknown}
Potions
 a - a potion of curing {unknown}
Comestibles
 e - a bread ration
 i - 2 meat rations


   Skills:
 - Level 2.6 Fighting
 + Level 1.8 Maces & Flails
 - Level 4.6 Throwing
 - Level 1.7 Dodging
 - Level 0.7 Stealth


You had one spell level left.
You didn't know any spells.


You were on level 2 of the Dungeon.
You were not hungry.

You visited 1 branch of the dungeon, and saw 2 of its levels.

You collected 29 gold pieces.

. (.(. ..... .(....###
......<..# .......#.#
.......#.#
.......S#.###############
........@...............#
.......##.#############.#
.........#.)..)...<..#.#
####+#...#.###..##.#.#รท#
#...#.###..#..#.#.#
#...#.#.......#.#.#
#...#.#.#######.#.#
#...#.#.........#.#
##.##.###########.#

Notes
Turn   | Place    | Note
--------------------------------------------------------------
     0 | D:1      | Ololoev, the Ogre Hunter, began the quest for the Orb.
     0 | D:1      | Reached XP level 1. HP: 22/22 MP: 1/1
   477 | D:1      | Reached skill level 1 in Maces & Flails
   567 | D:2      | Reached XP level 2. HP: 29/29 MP: 2/2
   921 | D:2      | Slain by an adder

Dungeon Overview and Level Annotations

Branches:
Dungeon (2/15)

Altars:


Message History

The adder is heavily wounded.
The adder bites you.
You are poisoned.
The adder poisons you! The adder bites you.
You hit the adder.
The adder is heavily wounded.
You feel sick. The adder closely misses you.
You barely miss the adder.
The adder is heavily wounded.
The adder misses you.
You closely miss the adder.
The adder is heavily wounded.
The adder bites you but does no damage. The adder bites you.
You miss the adder.
The adder is heavily wounded.
You feel sick. The adder barely misses you.
You miss the adder.
The adder is heavily wounded.
The adder bites you.
You hit the adder.
The adder is severely wounded.
The adder misses you. The adder completely misses you.
You barely miss the adder.
The adder is severely wounded.
The adder bites you.
You closely miss the adder.
The adder is severely wounded.
You feel sick. The adder closely misses you.
You closely miss the adder.
The adder is severely wounded.
The adder bites you. x2
You are lethally poisoned!
The adder poisons you!
You barely miss the adder.
The adder is severely wounded.
You feel sick. The adder bites you but does no damage.
You miss the adder.
The adder is severely wounded.
The adder bites you.
You die...

You could see an adder.

Vanquished Creatures
  A giant gecko (D:1)
  3 hobgoblins
  3 bats
  2 kobolds (D:2)
  3 rats
12 creatures vanquished.

Action                   || total
-------------------------++-------
Melee: Club              ||     8
       Short sword       ||     8
       Whip              ||    48
Throw: Large rock        ||     5
       Throwing net      ||     2
  Eat: Chunk             ||     7

Vault maps used:
D:1:      scummos_arrival_simple_crosswalls
D:2:      first_bread, okawaru_ov_weapons_minmay
